 Dungeon Crawl Stone Soup version 0.14.0-12-g87ee3b7 (webtiles) character file.

254 4tharraofdagon the Chopper (level 5, -6/32 HPs)
             Began as a Gargoyle Gladiator on Apr 15, 2014.
             Mangled by an orc warrior
             ... wielding a +0,+0 mace
              (12 damage)
             ... on Level 6 of the Dungeon.
             The game lasted 00:04:39 (561 turns).

4tharraofdagon the Chopper (Gargoyle Gladiator)      Turns: 561, Time: 00:04:39

HP  -6/32        AC 11     Str 19      XL: 5   Next: 51%
MP   5/5         EV 10     Int  7 (9)  God:
Gold 83          SH  0     Dex 10      Spells:  0 memorised,  4 levels left

rFire  . . .     SeeInvis .     a - +0 war axe
rCold  . . .     Clarity  .     i - +0 ring mail (curse)
rNeg   + . .     Conserve .     (no shield)
rPois  +         rCorr    .     c - +0 helmet
rElec  +         rRot     +     (no cloak)
SustAb . .       Spirit   .     o - +0 pair of gloves (curse)
rMut   .         Warding  .     (no boots)
Saprov . . .     Stasis   .     (no amulet)
MR     .....                    (no ring)
                                n - cursed ring of hunger

@: slowed, very slow, not resistant to hostile enchantments, very unstealthy
A: life protection 1, electricity resistance, unbreathing, petrification
resistance, AC +4
a: no special abilities


You were on level 6 of the Dungeon.
You were hungry.

You visited 1 branch of the dungeon, and saw 7 of its levels.

You collected 83 gold pieces.

Inventory:

Hand weapons
 a - a +0,+0 war axe (weapon)
Armour
 b - a +0 leather armour
 c - a +0 helmet (worn)
 i - a cursed +0 ring mail (worn)
 o - a cursed +0 pair of gloves (worn)
Magical devices
 e - a wand of random effects (0)
Comestibles
 f - 3 bread rations
Scrolls
 h - 2 scrolls of identify {unknown}
 k - a scroll of enchant weapon I {unknown}
 l - a scroll of blinking {unknown}
 m - a scroll of remove curse {unknown}
Jewellery
 j - an uncursed amulet of clarity {unknown}
 n - a cursed ring of hunger (left hand)
Potions
 g - 2 potions of brilliance


   Skills:
 + Level 3.0 Fighting
 + Level 3.4 Axes
 + Level 2.1 Throwing
 + Level 1.5 Armour
 + Level 3.4 Dodging
 + Level 2.0 Stealth
 + Level 0.4 Evocations


You had 4 spell levels left.
You didn't know any spells.

Dungeon Overview and Level Annotations

Branches:
Dungeon (7/15)
 Temple: D:4-7

Altars:
Fedhas

Annotations:
D:5 Prince Ribbit


Innate Abilities, Weirdness & Mutations

You are resistant to torment.
You are immune to poison.
You are immune to rotting.
Your stone body is very resilient (AC +4).
You resist negative energy.
You are resistant to electric shocks.
You can survive without breathing.
You are immune to petrification.


Message History

Aim: an orc warrior, wielding a mace and wearing a chain mail (severely wounded, moving slowly, bewildered and confused)
The orc warrior resists with significant effort.
Evoke which item? (* to show all) (? for menu, Esc to quit)
Zapping:
e - a wand of random effects {zapped: 13}
Press: ? - help, Shift-Dir - straight line, f/p - orc warrior
Aim: an orc warrior, wielding a mace and wearing a chain mail (severely wounded, moving slowly, bewildered and confused) Nothing appears to happen.
The orc warrior is no longer moving slowly.
You hit the orc warrior.
The orc warrior is severely wounded.
You catch the helpless orc warrior completely off-guard!
You hit the orc warrior.
The orc warrior is almost dead.
The orc warrior seems less confused.
The orc warrior misses you. The orc warrior hits you with a mace.
* * * LOW HITPOINT WARNING * * *
You barely miss the orc warrior.
The orc warrior is almost dead.
The orc warrior hits you with a mace!
You die...

... ... ## . #.# ..#
#.# ..#. #.# #.#.###..
......... ###########
#.#.#.#.. #.........#
#.#......
#....@)...####.###.#..
#....o................
#########(####.###.#.#
#######+####.###.#.#
....................
..........##.#####.#
...........##o.......
###...#'#.....####.#
#.. #.#.....# #.#


You could see an orc warrior.

Vanquished Creatures
  A centaur (D:7)
  A killer bee (D:7)
  An orc wizard (D:6)
  A giant mite (D:6)
  4 orcs
  A giant cockroach (D:5)
  2 goblins
  A hobgoblin (D:4)
  4 jackals (D:5)
  A bat (D:2)
  A giant newt (D:2)
  A gnoll skeleton (D:4)
  A kobold (D:2)
  An orc skeleton (D:4)
  3 rats
24 creatures vanquished.

Notes
Turn   | Place    | Note
--------------------------------------------------------------
     0 | D:1      | 4tharraofdagon, the Gargoyle Gladiator, began the quest for the Orb.
     0 | D:1      | Reached XP level 1. HP: 12/12 MP: 1/1
   233 | D:4      | Reached XP level 2. HP: 15/18 MP: 2/2
   274 | D:5      | Entered Level 5 of the Dungeon
   351 | D:5      | Noticed an ogre
   361 | D:6      | Reached XP level 3. HP: 22/22 MP: 3/3
   395 | D:7      | Noticed a centaur
   396 | D:7      | Reached skill level 3 in Axes
   396 | D:7      | Reached skill level 1 in Armour
   396 | D:7      | Reached skill level 1 in Stealth
   396 | D:7      | Reached XP level 4. HP: 20/27 MP: 4/4
   412 | D:7      | Killed a centaur
   412 | D:7      | Reached XP level 5. HP: 14/32 MP: 5/5
   423 | D:7      | Noticed an ice beast
   471 | D:5      | Found a blossoming altar of Fedhas.
   472 | D:5      | Noticed Prince Ribbit
   497 | D:6      | Noticed an orc warrior
   561 | D:6      | Mangled by an orc warrior

Action                   |  1- 3 |  4- 6 || total
-------------------------+-------+-------++-------
Melee: War axe           |    46 |    22 ||    68
Throw: Throwing net      |     3 |     3 ||     6
       Javelin           |       |     2 ||     2
Evoke: Wand              |       |    13 ||    13
  Use: Potion            |     4 |     4 ||     8
 Stab: Invisible         |     3 |     1 ||     4
       Held in net/web   |       |     2 ||     2
       Confused          |       |     1 ||     1
